Map: The Vermillion Problem

Players

monk

  • Race: Zerg Zerg

sTkmonk

  • Race: Terran Terran
  • Spawn Location: 11:00

VOD

Have the link to the VOD?

Description

Time

  • Played on: July 23, 2017, 8:12 a.m.
  • Length: 23:50
Show
View Real Time Build Order
Export as new Build Order

monk Zerg 

Build Orders:  

Get SALT Encoding   

  12  0:03  Infested SCV  
  13  0:13  Infested SCV  
  13  0:19  Infested SCV  
  15  1:02  Infested Command Center  
  15  1:12  Overlord  
  15  1:37  Infested SCV x3  
  15  1:38  Infested SCV  
  15  1:39  Infested SCV  
  20  1:47  Infested Refinery  
  20  1:53  Infested SCV  
  21  2:02  Infested Colonist Compound  
  21  2:03  Infested Refinery  
  21  2:09  Infested SCV  
  22  2:26  Infested SCV  
  23  2:33  Infested Barracks  
  23  2:44  Infested SCV  
  23  2:45  Infested SCV x2  
  26  2:56  Infested SCV  
  26  2:59  Anaerobic Enhancement  
  27  3:08  Infested SCV  
  28  3:14  Infested SCV  
  33  3:50  Infested Bunker  
  32  4:12  Infestation Level 1  
  32  4:22  Overlord  
  32  4:46  Infested SCV x3  
  32  4:47  Infested SCV x2  
  37  5:07  Infested Engineering Bay  
  37  5:12  Infested Factory  
  37  5:22  Infested SCV x2  
  39  5:36  Infested Command Center  
  39  5:46  Infested SCV x3  
  39  5:47  Infested SCV  
  39  5:49  Stukov Infantry Weapons Level 1  
  43  5:52  Infested SCV  
  43  5:58  Infested SCV  
  45  6:18  Infestation Level 2  
  45  6:21  Infested Bunker  
  45  6:25  Infested SCV  
  46  6:32  Infested Engineering Bay  
  46  6:49  Infested Bunker  
  46  7:03  Overlord x2  
  46  7:08  Infested Armory  
  46  7:19  Infested Barracks Tech Lab  
  46  7:29  Infested SCV x2  
  48  7:30  Infested SCV x3  
  48  7:32  Infested SCV  
  52  7:52  Regenerative Plating  
  52  8:01  Infested SCV  
  52  8:02  Infested SCV  
  52  8:03  Plagued Munitions  
  62  8:11  Overlord x3, Infested Bunker x2  
  62  8:18  Broodling Gestation  
  62  8:36  Infested Bunker  
  66  8:47  Stukov Infantry Weapons Level 2  
  66  8:49  Aggressive Incubation  
  70  9:01  Infested Bunker  
  70  9:33  Retinal Augmentation  
  70  9:38  Overlord x2, Infested Bunker  
  70  9:39  Calcified Armor  
  73  10:00  Infestation Level 3  
  73  10:01  Overlord  
  73  10:02  Overlord  
  73  10:19  Infested Bunker  
  73  10:28  Infested SCV  
  74  10:32  Infested Bunker  
  74  10:33  Infested SCV  
  74  10:34  Infested Bunker  
  83  10:45  Infested Bunker  
  87  11:04  Stukov Infantry Armor Level 1  
  91  11:22  Infested Bunker  
  95  11:31  Infested Bunker  
  95  11:32  Overlord x2  
  95  11:49  Infested Bunker  
  99  11:53  Infested Barracks  
  99  12:04  Infested Starport  
  99  12:27  Infested Bunker  
  107  12:33  Infested Bunker  
  107  12:57  Pneumatized Carapace, Overseer  
  107  12:58  Overseer  
  107  13:13  Infested Bunker  
  107  13:16  Infested Bunker  
  107  13:17  Infested Bunker  
  119  13:21  Infested Bunker  
  119  13:36  Infested Bunker  
  119  13:39  Infested Bunker  
  127  13:40  Infested Bunker  
  127  13:43  Infested Bunker x2  
  127  13:47  Infested Bunker  
  123  14:07  Overlord x3, Infested Bunker  
  123  14:08  Infested Bunker  
  123  14:09  Infested Bunker  
  127  14:10  Infested SCV x2  
  127  14:13  Infested Bunker  
  125  15:12  Infested Bunker  
  125  15:41  Infested Bunker  
  125  15:43  Overlord x3  
  125  15:44  Infested Bunker  
  125  15:45  Infested Bunker  
  125  15:49  Infested Bunker  
  140  15:52  Infested Bunker  
  139  16:23  Infested Bunker  
  151  16:35  Infested Bunker  
  151  16:39  Infested Bunker  
  151  16:43  Infested SCV  
  151  16:44  Infested SCV  
  161  16:50  Infested Bunker x2  
  160  17:18  Infested Bunker  
  160  17:19  Overlord x3  
  164  17:21  Infested SCV  
  165  17:46  Overseer  
  165  18:17  Infested Bunker  
  165  18:19  Infested Bunker  
  177  18:25  Infested Bunker  
  173  18:32  Overlord x2  
  173  18:34  Stukov Infantry Weapons Level 3  
  173  18:35  Stukov Infantry Armor Level 2  
  169  20:11  Infested Bunker x2  
  169  20:16  Infested Bunker  
  160  20:43  Infested Bunker  
  160  20:45  Infested Bunker  
  160  20:49  Infested Bunker  
  160  21:00  Infested Bunker  
  145  22:28  Infested SCV x2  
  145  22:29  Infested SCV x3  
Show
View Real Time Build Order
Export as new Build Order

sTkmonk Terran 

Build Orders:  

Get SALT Encoding   

Tags
 
Add a new tag
Caveats
  • Supply blocks, unpowered buildings, or Contaminate may cause inaccurate times.
  • Supply counts are checked every 10 seconds.